 Dungeon Crawl Stone Soup version 0.29-a0-344-ge2f44be95a (webtiles) character file.

Game seed: 3425861337031212387

311 kevlar127 the Ruffian (level 6, -2/62 HPs)
             Began as a Troll Berserker on Apr 22, 2022.
             Was a Believer of Trog.
             Slain by a sky beast (6 damage)
             ... on level 3 of the Dungeon.
             The game lasted 00:12:22 (1606 turns).

kevlar127 the Ruffian (Troll Berserker)             Turns: 1606, Time: 00:12:22

Health: -2/62      AC:  4    Str: 28    XL:     6   Next: 18%
Magic:  5/5        EV: 10    Int:  3    God:    Trog [**....]
Gold:   106        SH:  0    Dex:  9    Spells: 5/5 levels left

rFire   . . .      SeeInvis .     - Unarmed
rCold   . . .      Faith    .   (no shield)
rNeg    . . .      Spirit   .   a - +0 animal skin
rPois   .          Reflect  .   (helmet restricted)
rElec   .          Harm     .   (no cloak)
rCorr   .          Rampage  .   (gloves unavailable)
Will    ++...                   (boots unavailable)
Stlth   +.........              (no amulet)
HPRegen 2.00/turn               (no ring)
MPRegen 0.09/turn               (no ring)

@: strong-willed, regenerating
A: large, unfitting armour, claws 3, regeneration 1, shaggy fur 1, tough skin 1
a: Renounce Religion, Berserk, Trog's Hand


You were on level 3 of the Dungeon.
You worshipped Trog.
Trog was pleased with you.
You visited 1 branch of the dungeon, and saw 3 of its levels.

You collected 106 gold pieces.

Inventory:

Missiles
 k - 97 stones (quivered)
 n - 4 boomerangs
 p - 3 curare-tipped darts
Armour
 a - a +0 animal skin (worn)
Jewellery
 e - a ring of protection from cold
Scrolls
 d - 4 scrolls of identify {unknown}
 f - 2 scrolls of magic mapping {unknown}
 h - a scroll of holy word {unknown}
 i - 3 scrolls of teleportation {unknown}
 j - a scroll of blinking {unknown}
Potions
 b - a potion of flight {unknown}
 c - a potion of degeneration {unknown}
 g - a potion of brilliance {unknown}
 l - a potion of heal wounds {unknown}
 m - a potion of curing {unknown}
 o - a potion of haste {unknown}


   Skills:
 + Level 4.0 Fighting
 + Level 2.7 Throwing
 - Level 2.4 Dodging
 + Level 4.8 Unarmed Combat


You had 5 spell levels left.
You didn't know any spells.
Your spell library was empty.

Dungeon Overview and Level Annotations

Branches:
Dungeon (3/15)

Altars:
Sif Muna

Annotations:
D:3 Natasha


Innate Abilities, Weirdness & Mutations

You are too large for most types of armour.
You have claws for hands.
Your natural rate of healing is unusually fast.
You are covered in fur. (AC +1)
You have tough skin. (AC +1)


Message History

You kill the orc!
Trog accepts your kill.
A bat comes into view.
Something hits you. Something shocks you.
You closely miss the orc. Something hits you but does no damage.
The orc hits you but does no damage.
You scratch the orc but do no damage. You claw the orc!
You kill the orc!
Trog accepts your kill. The bat hits you but does no damage.
Something hits you. Something shocks you.
A bat comes into view.
Your Fighting skill increases to level 4!
You completely miss something. The bat hits you. Something hits you.
Something shocks you.
Natasha, Servant of Life and Death comes into view.
She is carrying a wand of flame (24).
You are too injured to fight recklessly!
You are too injured to fight recklessly!
You are too injured to fight recklessly!
Your skin crawls.
You feel strong-willed. The bat hits you but does no damage.
An orc comes into view.
It is wielding a +2 whip of electrocution.
Something hits you. Something shocks you.
* * * LOW HITPOINT WARNING * * *
Natasha howls an incantation.
You feel disoriented.
The orc shouts!
You claw something! The bat hits you. Something hits you but does no damage.
Natasha zaps a wand.
The puff of flame hits you!
* * * LOW HITPOINT WARNING * * *
You completely miss something. The bat closely misses you.
Something hits you but does no damage. Natasha casts a spell at you.
The magic dart hits you.
* * * LOW HITPOINT WARNING * * *
You scratch something. The bat barely misses you. Something hits you.
* * * LOW HITPOINT WARNING * * *
Something shocks you.
You die...

#..#####.
##........
#.......$.
#...######
#######...#
..!.)./...#####
.....##.b......
.### #.h######
#@)# #{o# #....
#.#### #.# ...
... ..b


You could see Natasha, an orc and 2 bats.

Vanquished Creatures
  Sigmund (D:2)
  Terence (D:3)
  Robin (D:2)
  4 adders
  9 orcs (D:3)
  5 endoplasms
  3 giant cockroaches
  9 goblins
  7 hobgoblins
  3 quokkas
  4 ball pythons
  4 bats
  5 frilled lizards
  3 kobolds (D:1)
  3 rats
62 creatures vanquished.

Vanquished Creatures (others)
  A plant (D:1)
1 creature vanquished.

Grand Total: 63 creatures vanquished

Notes
Turn   | Place    | Note
-------+----------+-------------------------------------------
     0 | D:1      | kevlar127 the Troll Berserker began the quest for the Orb.
     0 | D:1      | Reached XP level 1. HP: 22/22 MP: 0/0
   164 | D:1      | Reached XP level 2. HP: 29/29 MP: 1/1
   583 | D:1      | Found a faded altar of an unknown god.
   652 | D:2      | Noticed Robin
   656 | D:2      | Reached ** piety under Trog
   670 | D:2      | Killed Robin
   671 | D:2      | Reached XP level 3. HP: 27/37 MP: 2/2
   717 | D:2      | Identified the +3 dagger of the Crypt {holy, Int+2}
   750 | D:2      | Reached skill level 1 in Throwing
  1075 | D:2      | Reached XP level 4. HP: 44/45 MP: 3/3
  1209 | D:2      | Noticed Sigmund
  1230 | D:2      | Killed Sigmund
  1231 | D:2      | Reached XP level 5. HP: 47/54 MP: 4/4
  1433 | D:3      | Found a shimmering blue altar of Sif Muna.
  1468 | D:3      | Noticed Terence
  1481 | D:3      | Killed Terence
  1482 | D:3      | Reached XP level 6. HP: 53/62 MP: 5/5
  1587 | D:3      | Noticed a sky beast
  1602 | D:3      | Noticed Natasha
  1606 | D:3      | Slain by a sky beast

Illustrated notes

Levels and vault maps discovered:
D:1:      minmay_arrival_three_doors, layout_rooms,
          shapermc_ecumenical_altar_petra
D:2:      layout_basic, uniq_robin, uniq_sigmund
D:3:      minmay_chambers_of_twos, layout_loops_ring,
          mainiacjoe_overflow_surrounded_room, lemuel_crystal_altar,
          led_sif_pool, serial_shops, nicolae_shop_stone, gup_sewer_entry_glass,
          nrook_mini_backslash, dreamdust_princess_bridge, uniq_natasha,
          uniq_terence

Skill      XL: |  1  2  3  4  5  6 |
---------------+-------------------+-----
Fighting       | 3 4 |  4.0
Throwing       | 1 2 |  2.7
Unarmed Combat | 4 |  4.8
Dodging        | |  2.4

Action                   |  1- 3 |  4- 6 || total
-------------------------+-------+-------++-------
Melee: Unarmed           |   100 |    47 ||   147
       Punch             |     2 |     3 ||     5
Invok: Trog's Hand       |     1 |     1 ||     2
Armor: Animal skin       |    31 |    13 ||    44
Dodge: Dodged            |    49 |    18 ||    67

Table legend: (Time is in decaauts)
 A = Elapsed time spent in this place.
 B = Non-inter-level travel time spent in this place.
 C = Inter-level travel time spent in this place.
 D = Time resting spent in this place.
 E = Time spent auto-exploring this place.
 F = Levels seen in this place.
 G = Mean time per level.
                   A        B        C        D        E       F      G
               +--------+--------+--------+--------+--------+-----+--------+
         Total |   1595 |   1475 |    120 |     14 |   1046 |   3 |  531.7 |
       Dungeon |   1595 |   1475 |    120 |     14 |   1046 |   3 |  531.7 |
               +--------+--------+--------+--------+--------+-----+--------+

Top non-repeatable levels by time:
     D:2: 792 daAuts
     D:1: 630 daAuts
     D:3: 172 daAuts
